 Dungeon Crawl Stone Soup version 0.16.1-28-gcc2312f (console) character file.

312 Kite the Insei (level 6, -1/41 HPs)
             Began as an Octopode Transmuter on May 25, 2015.
             Slain by an ice beast (7 damage)
             ... on level 5 of the Dungeon.
             The game lasted 00:35:47 (5247 turns).

Kite the Insei (Octopode Transmuter)                Turns: 5247, Time: 00:35:47

Health: -1/41      AC:  1    Str: 11    XL:     6   Next: 42%
Magic:  11/11      EV: 13    Int: 21    God:
Gold:   201        SH:  0    Dex: 12    Spells: 1 memorised, 9 levels left

rFire  x . .     SeeInvis .       - Unarmed
rCold  + . .     Clarity  .     (no shield)
rNeg   . . .     SustAb   .     (helmet restricted)
rPois  .         Gourm    .     (no amulet)
rElec  .         Spirit   .     h - ring of ice
rCorr  .         Warding  .     y - +5 ring of intelligence
rMut   .         Stasis   .     (no ring)
MR     .....                    (no ring)
Stlth  +++.......               (no ring)
                                (no ring)
                                (no ring)
                                (no ring)

@: appendage (expiring), very slightly contaminated, hasted, very quick, not
resistant to hostile enchantments, fairly stealthy
A: almost no armour, amphibious, 8 rings, constrict 8, tentacle spike 3,
camouflage 1, gelatinous body 1
a: End Transformation


You were on level 5 of the Dungeon.
You were hungry.
One of your tentacles had a temporary spike.
You visited 1 branch of the dungeon, and saw 5 of its levels.

You collected 201 gold pieces.

Inventory:

Hand weapons
 k - a cursed -2 whip
 o - a +0 hunting sling
 w - a +3 dagger of venom
 C - a +1 dagger of speed
Missiles
 b - 27 arrows
 c - 7 stones (quivered)
 l - 37 bolts
 E - 19 poisoned needles
Jewellery
 h - a ring of ice (left tentacle)
 y - a +5 ring of intelligence (right tentacle)
Magical devices
 B - a wand of draining (9)
Scrolls
 e - 3 scrolls of teleportation {unknown}
 n - 7 scrolls of identify {unknown}
 p - a scroll of random uselessness {unknown}
 r - 3 scrolls of remove curse {unknown}
 s - a scroll of amnesia {unknown}
 x - 4 scrolls of magic mapping {unknown}
 G - a scroll of enchant armour {unknown}
 H - a scroll of blinking {unknown}
Potions
 f - a potion of heal wounds {unknown}
 g - a potion of haste
 j - a potion of mutation {unknown}
 m - a potion of degeneration {unknown}
 u - 2 potions of restore abilities {unknown}
 z - a potion of brilliance {unknown}
 A - a potion of berserk rage {unknown}
 D - a potion of lignification {unknown}
 F - a potion of curing {unknown}
Books
 d - a book of Changes

   Spells                             Type                      Level
   a - Beastly Appendage              Transmutation                1
   b - Sticks to Snakes               Transmutation                2
   c - Spider Form                    Transmutation/Poison         3
   d - Ice Form                       Ice/Transmutation            4
   e - Blade Hands                    Transmutation                5
 I - a book of Burglary

   Spells                             Type                      Level
   a - Swiftness                      Charms/Air                   2
   b - Passwall                       Transmutation/Earth          3
   c - Passage of Golubria            Translocation                4
   d - Lee's Rapid Deconstruction     Earth                        5
   e - Invisibility                   Hexes                        6
   f - Darkness                       Hexes                        7
Comestibles
 a - 2 bread rations
 i - 3 slices of pizza
 q - 3 fruits
 t - 2 meat rations
 v - 2 beef jerkies


   Skills:
 + Level 2.6 Fighting
 + Level 3.4 Dodging
 + Level 3.2 Stealth
 + Level 4.6 Unarmed Combat
 + Level 2.6 Spellcasting
 + Level 2.3 Transmutations


You had 9 spell levels left.
You knew the following spells:

 Your Spells              Type           Power        Failure   Level  Hunger
a - Beastly Appendage     Trmt           ##....       6%          1    None


Dungeon Overview and Level Annotations

Branches:
Dungeon (5/15)
 Temple: D:4-7

Altars:

Shops:
D:5 *

Annotations:
D:3 Skillabstinenz's ghost, average MiBe
D:4 Rox360's ghost, average DsAK; Sigmund
D:5 Edmund


Innate Abilities, Weirdness & Mutations

You cannot wear most types of armour.
You are amphibious.
You can wear up to eight rings at the same time.
You can use your tentacles to constrict many enemies at once.
Your skin changes colour to match your surroundings (Stealth).
Your rubbery body absorbs attacks (AC +1).
One of your tentacles bears a large vicious spike.


Message History

The ice beast completely misses you.
You are very lightly contaminated with residual magic.
You closely miss the ice beast.
Your tentacle spike misses the ice beast.
Your tentacle-slap misses the ice beast.
The ice beast is heavily wounded.
Your transformation is almost over.
You tentacle-slap the ice beast but do no damage.
You pierce the ice beast, but do no damage.
The ice beast is heavily wounded.
The ice beast hits you.
* * * LOW HITPOINT WARNING * * *
The ice beast freezes you. You resist.
* * * LOW HITPOINT WARNING * * *
You closely miss the ice beast.
You pierce the ice beast.
The ice beast is heavily wounded.
The ice beast hits you.
* * * LOW HITPOINT WARNING * * *
The ice beast freezes you! You resist.
You die...

▒·▒ · ▒·▒ ·▒
▒·▒ ·▒ ▒·▒ ·▒
▒·▒ ·▒ ▒·▒ Y▒
▒)▒ ·▒
▒·▒▒▒▒▒·▒▒▒▒▒▒·
▒····@Y········
▒·▒▒▒▒▒·▒▒▒▒▒▒·
▒·▒ ··· ▒·▒
▒▒▒▒ ▒·▒ ▒·▒
▒·▒ ▒·▒ ▒·▒


You could see an ice beast.

Vanquished Creatures
  A giant frog (D:3)
  Ijyb (D:3)
  2 adders (D:2)
  7 gnolls
  2 giant mites
  3 worms (D:2)
  2 giant geckos
  An ooze (D:3)
  6 orcs
  14 bats
  9 giant cockroaches
  10 hobgoblins
  11 jackals
  3 quokkas
  7 giant newts
  10 goblins
  12 kobolds
  19 rats
120 creatures vanquished.

Notes
Turn   | Place    | Note
--------------------------------------------------------------
     0 | D:1      | Kite, the Octopode Transmuter, began the quest for the Orb.
     0 | D:1      | Reached XP level 1. HP: 13/13 MP: 3/3
   161 | D:1      | Reached XP level 2. HP: 18/18 MP: 4/4
   496 | D:1      | Reached skill level 1 in Stealth
   647 | D:1      | Reached XP level 3. HP: 21/23 MP: 6/6
  1553 | D:2      | Reached XP level 4. HP: 14/28 MP: 5/7
  2093 | D:2      | Reached skill level 4 in Unarmed Combat
  2464 | D:2      | Reached XP level 5. HP: 29/34 MP: 9/9
  2899 | D:3      | Noticed Skillabstinenz's ghost (average MiBe)
  3009 | D:3      | Noticed Ijyb
  3029 | D:3      | Killed Ijyb
  3911 | D:3      | Reached XP level 6. HP: 37/41 MP: 9/11
  4085 | D:4      | Noticed Sigmund
  4568 | D:5      | Entered Level 5 of the Dungeon
  5021 | D:4      | Noticed Rox360's ghost (average DsAK)
  5046 | D:5      | Found Napt's General Store.
  5062 | D:5      | Noticed Edmund
  5247 | D:5      | Slain by an ice beast

Action                   |  1- 3 |  4- 6 || total
-------------------------+-------+-------++-------
Melee: Unarmed           |    89 |   194 ||   283
 Cast: Beastly Appendage |     1 |     9 ||    10
 Abil: End Transformatio |       |     1 ||     1
  Use: Potion            |       |     1 ||     1
 Stab: Sleeping          |     5 |    12 ||    17
  Eat: Chunk             |     1 |     6 ||     7
       Meat ration       |     1 |       ||     1
       Fruit             |       |     1 ||     1
